 Dungeon Crawl Stone Soup version 0.31.0-11-ge490571c62 (webtiles) character file.

Game seed: 5934079981416689881

35075 Esekla the Reanimator (level 12, -3/112 HPs)
             Began as a Naga Necromancer on Jan 28, 2024.
             Was a High Priest of Ru.
             Slain by a five-headed hydra (10 damage)
             ... on level 5 of the Lair of Beasts.
             The game lasted 03:13:21 (23045 turns).

Esekla the Reanimator (Naga Necromancer)           Turns: 23045, Time: 03:13:21

Health: -3/112     AC: 20    Str: 12    XL:     12   Next: 81%
Magic:  8/27       EV: 11    Int: 23    God:    Ru [*****.]
Gold:   355        SH:  0    Dex: 11    Spells: 9/33 levels left

rFire   . . .        f - +0 scimitar (flame)
rCold   + . .        (no shield)
rNeg    . . .        B - +1 robe {Will+}
rPois   +            p - +0 helmet {Int+3}
rElec   .            q - +0 cloak
rCorr   .            u - +0 pair of gloves
SInv    +            (no barding)
Will    ++...        (no amulet)
Stlth   ++++         k - ring of protection from cold
HPRegen 0.38/turn    A - +4 ring of protection
MPRegen 0.20/turn

%: no passive effects
@: ice-armoured, very slow
A: AC +4, large, see invisible, deformed body, poison resistance, slowness 2,
spit poison 1, inability to use devices, hated by all, inexperienced 1, naga
tail 1
a: Spit Poison, Renounce Religion, Sacrifice Courage, Sacrifice an Eye,
Sacrifice Health, Reject Sacrifices, Draw Out Power, Power Leap, Apocalypse


You were on level 5 of the Lair of Beasts.
You worshipped Ru.
Ru was extremely pleased with you.
You visited 4 branches of the dungeon, and saw 17 of its levels.
You also visited: Sewer.

You collected 996 gold pieces.
You spent 641 gold pieces at shops.

Inventory:

Hand Weapons
 a - a +1 falchion of protection
 c - a +0 scimitar
 f - a +0 scimitar of flaming (weapon)
 r - a +0 trident
 s - a +3 dagger of flaming
Missiles
 e - 20 poisoned darts
 y - 6 javelins (quivered)
 F - 11 boomerangs
Armour
 p - a +0 helmet of intelligence (worn)
 q - a +0 cloak (worn)
 u - a +0 pair of gloves (worn)
 x - a +2 leather armour of cold resistance
 B - a +1 robe of willpower (worn)
 O - a +0 troll leather armour
Magical Staves
 d - a staff of death
Jewellery
 j - a ring of ice
 k - a ring of protection from cold (left hand)
 A - a +4 ring of protection (right hand)
 N - a ring of fire
Scrolls
 g - 3 scrolls of fog
 h - 4 scrolls of enchant armour {unknown}
 i - 4 scrolls of teleportation
 n - 5 scrolls of amnesia
 t - 2 scrolls of immolation {unknown}
 v - 4 scrolls of fear {unknown}
 w - a scroll of butterflies {unknown}
 z - 4 scrolls of blinking
 E - 2 scrolls of torment
 I - 2 scrolls of enchant weapon {unknown}
 J - a scroll of acquirement {unknown}
 K - 2 scrolls of revelation
 L - a scroll of silence {unknown}
 M - 2 scrolls of vulnerability {unknown}
 P - 2 scrolls of poison {unknown}
 S - a scroll of noise {unknown}
 T - a scroll of brand weapon {unknown}
Potions
 b - 3 potions of magic
 l - 2 potions of haste
 m - 2 potions of curing
 o - 4 potions of mutation
 C - a potion of enlightenment
 D - 2 potions of brilliance
 G - 2 potions of attraction
 H - a potion of berserk rage
 R - a potion of cancellation {unknown}


   Skills:
 * Level 8.9 Fighting
 + Level 5.1(6.3) Short Blades
 + Level 5.6(6.6) Long Blades
 + Level 0.9 Staves
 + Level 0.6 Throwing
 + Level 0.3 Armour
 + Level 5.7 Dodging
 + Level 8.4 Stealth
 * Level 11.1 Spellcasting
 + Level 5.5 Conjurations
 * Level 11.6 Necromancy
 + Level 1.0 Translocations
 + Level 4.1 Ice Magic
 + Level 3.5 Air Magic
 + Level 4.8 Alchemy


You had 9 spell levels left.
You knew the following spells:

 Your Spells              Type           Power      Damage    Failure   Level
a - Ozocubu's Armour      Ice            31%        N/A       2%          3
c - Mephitic Cloud        Conj/Alch/Air  34%        N/A       2%          3
d - Vampiric Draining     Necr           61%        2d10      1%          3
e - Searing Ray           Conj           76%        2d7       1%          2
i - Irradiate             Conj/Alch      18%        3d17      17%         5
p - Apportation           Tloc           34%        N/A       3%          1
u - Dispel Undead         Necr           61%        3d21      1%          4
w - Fugue of the Fallen   Necr           61%        N/A       1%          3

Your spell library contained the following spells:

 Spells                   Type           Power      Damage    Failure   Level
 Foxfire                  Conj/Fire      100%       2x1d9     1%          1
 Kiss of Death            Conj/Necr      100%       2d13      1%          1
 Magic Dart               Conj           100%       1d8       1%          1
 Necrotise                Necr           100%       1d9       1%          1
 Shock                    Conj/Air       100%       1d9       1%          1
 Cigotuvi's Dreadful Rot  Necr/Alch/Air  86%        N/A       1%          2
 Static Discharge         Conj/Air       66%        3-6/arc   1%          2
 Sublimation of Blood     Necr           61%        N/A       1%          2
 Curse of Agony           Necr           61%        N/A       1%          5
 Swiftness                Air            29%        N/A       3%          3
 Lesser Beckoning         Tloc           34%        N/A       4%          2
 Dazzling Flash           Conj/Hex       50%        N/A       4%          3
 Anguish                  Hex/Necr       19%        N/A       4%          4
 Fulminant Prism          Conj/Alch      18%        3d10      6%          4
 Jinxbite                 Hex            24%        N/A       8%          2
 Gell's Gravitas          Tloc           17%        N/A       10%         3
 Teleport Other           Tloc           17%        N/A       10%         3
 Airstrike                Air            14%        2d(3-19)  12%         4
 Confusing Touch          Hex            12%        N/A       16%         3
 Inner Flame              Hex/Fire       12%        N/A       16%         3
 Petrify                  Alch/Erth      24%        N/A       19%         4
 Alistair's Intoxication  Alch           23%        N/A       19%         5
 Manifold Assault         Tloc           17%        N/A       32%         4
 Passage of Golubria      Tloc           17%        N/A       32%         4
 Cause Fear               Hex            6%         N/A       45%         4
 Yara's Violent Unravell  Hex/Alch       12%        3d7       45%         5
 Silence                  Hex/Air        10%        N/A       56%         5
 Starburst                Conj/Fire      12%        6d5       94%         6
 Plasma Beam              Fire/Air       10%        2x1d21    98%         6
 Enfeeble                 Hex            6%         N/A       100%        7
 Ignition                 Fire           6%         3d4       100%        8
 Animate Dead             Necr           Unusable   N/A       N/A         4
 Martyr's Knell           Necr/Summ      Unusable   N/A       N/A         4
 Death Channel            Necr           Unusable   N/A       N/A         6
 Tukima's Dance           Hex            Unusable   N/A       N/A         3
 Summon Lightning Spire   Summ/Air       Unusable   N/A       N/A         4

Dungeon Overview and Level Annotations

Branches:
Dungeon (10/15)            Temple (1/1) D:5            Lair (5/5) D:8
 Shoals (0/4) Lair:3       Spider (0/4) Lair:3          Orc (1/2) D:9
  Sewer (visited)
  Slime: Lair:4-5

Altars:
Ashenzari
Cheibriados
Dithmenos
Elyvilon
Gozag
Kikubaaqudgha
Makhleb
Nemelex Xobeh
Okawaru
Qazlal
Ru
Sif Muna
Trog
Uskayaw
Vehumet
Wu Jian
Xom
Zin
The Shining One

Shops:
D:3 [   D:10 :

Annotations:
D:4 dig 4 apportation
D:9 Gastronok


Innate Abilities, Weirdness & Mutations

Your serpentine skin is tough. (AC +4)
You have supernaturally acute eyesight. (SInv)
Armour fits poorly on your strangely shaped body.
Your system is resistant to poisons. (rPois)
You cover ground very slowly.
You can spit poison.
You cannot study or use magical devices.
You are hated by all.
You are somewhat inexperienced. (-1 XL)
You have a snake-like lower body.


Message History

Aim: a five-headed hydra (severely wounded)
You draw life force from the five-headed hydra.
You feel life coursing into your body.
The five-headed hydra bites you but does no damage.
The five-headed hydra closely misses you. x4
Casting: Vampiric Draining (safe; 1% risk of failure)
Confirm with . or Enter, or press ? or * to list all spells.
Aiming: Mephitic Cloud (mildly dangerous; 2% risk of failure)
Press: ? - help, Shift-Dir - straight line, f/p - five-headed hydra
Aim: a five-headed hydra (severely wounded, not susceptible)
Okay, then.
Casting: Mephitic Cloud (mildly dangerous; 2% risk of failure)
Confirm with . or Enter, or press ? or * to list all spells.
Aiming: Vampiric Draining (safe; 1% risk of failure)
Press: ? - help, Shift-Dir - straight line, f/p - five-headed hydra
Aim: a five-headed hydra (severely wounded)
You draw life force from the five-headed hydra!
You feel life coursing into your body. The komodo dragon closely misses you.
The five-headed hydra bites you but does no damage.
The five-headed hydra bites you!
* * * LOW HITPOINT WARNING * * *
The five-headed hydra bites you.
* * * LOW HITPOINT WARNING * * *
The five-headed hydra bites you but does no damage.
The five-headed hydra barely misses you.
Casting: Vampiric Draining (safe; 1% risk of failure)
Confirm with . or Enter, or press ? or * to list all spells.
Aiming: Vampiric Draining (safe; 1% risk of failure)
Press: ? - help, Shift-Dir - straight line, f/p - five-headed hydra
Aim: a five-headed hydra (almost dead)
You draw life force from the five-headed hydra!
You feel life coursing into your body.
You redirect the komodo dragon's attack!
The komodo dragon bites itself!
The five-headed hydra bites you but does no damage.
The five-headed hydra misses you. The five-headed hydra bites you.
* * * LOW HITPOINT WARNING * * *
The five-headed hydra closely misses you.
The five-headed hydra bites you!
You die...

. ..
######P..
#..P....#
#††......
#@†.....(
#.lD##....#
....... ...
......#.##
P ...####..
.# #.. (..
#.##


You could see a five-headed hydra and a komodo dragon (distracted).

Vanquished Creatures
  A hydra (Lair:4)
  Erica (D:8)
  A two-headed ogre (D:10)
  3 boulder beetles
  2 lindwurms
  Pikel (D:5)
  Joseph (D:7)
  2 black mambas
  11 elephants
  A torpor snail (Lair:3)
  Maggie (D:8)
  6 komodo dragons
  9 cane toads
  5 rime drakes
  A troll (D:10)
  3 polar bears
  10 blink frogs
  2 shadows
  2 jumping spiders (Lair:3)
  A wraith (D:8)
  4 wyverns
  44 yaks
  2 basilisks
  A vampire (D:9)
  6 humans
  A warg (Orc:1)
  2 vampire mosquitoes (D:10)
  2 steam dragons
  2 redbacks (Lair:3)
  Menkaure (D:4)
  9 water moccasins
  An ice beast (D:7)
  9 orc warriors
  A sky beast (D:6)
  A black bear (Lair:2)
  An ogre (Orc:1)
  5 wolves
  5 centaurs
  10 bullfrogs
  A gnoll sergeant (D:7)
  5 scorpions
  9 wights (D:8)
  11 killer bees
  6 howler monkeys
  An electric eel (Lair:1)
  3 lava snakes (Lair:3)
  4 bombardier beetles
  A jelly (D:6)
  7 hounds
  18 orc priests
  2 gnoll boudas
  3 iguanas
  19 orc wizards
  9 hell rats
  A hound skeleton (D:3)
  14 gnolls
  A howler monkey skeleton (D:3)
  19 adders
  A river rat (D:6)
  A shadow imp (D:6)
  3 white imps
  2 adder zombies (D:3)
  An adder skeleton (D:3)
  8 dart slugs
  A ribbon worm (D:4)
  62 orcs
  11 ball pythons
  18 endoplasms
  20 giant cockroaches
  7 hobgoblins
  A jackal (D:4)
  A quokka (D:4)
  A ball python skeleton (D:3)
  A ball python zombie (D:3)
  6 bats
  13 frilled lizards
  9 goblins
  A jackal skeleton (D:3)
  7 kobolds
  A quokka skeleton (D:3)
  7 rats
488 creatures vanquished.

Vanquished Creatures (others)
  A hydra (Lair:3)
  An orc sorcerer (Orc:1)
  A cane toad (Lair:4)
  A blink frog (Lair:4)
  A jumping spider (Lair:3)
  A yak (Lair:2)
  A black bear (Lair:4)
  3 orc warriors
  2 wolves (Lair:2)
  A howler monkey (D:10)
  A hell rat (Lair:1)
  3 orcs
  A rat (D:6)
18 creatures vanquished.

Grand Total: 506 creatures vanquished

Notes
Turn   | Place    | Note
-------+----------+-------------------------------------------
     0 | D:1      | Esekla the Naga Necromancer began the quest for the Orb.
     0 | D:1      | Reached XP level 1. HP: 15/15 MP: 3/3
   291 | D:1      | Reached XP level 2. HP: 24/24 MP: 5/5
  1049 | D:2      | Reached skill level 1 in Fighting
  1049 | D:2      | Reached XP level 3. HP: 8/31 MP: 6/6
  1053 | D:2      | Learned a level 3 spell: Vampiric Draining
  1165 | D:2      | Found a faded altar of an unknown god.
  1167 | D:2      | Identified the +0 robe of the Seven Invaders {rC- Str+4}
  1187 | D:2      | Prayed at the altar of an unknown god.
  1187 | D:2      | Became a worshipper of Ru the Awakened
  1196 | D:2      | Gained mutation: You are hated by all. [Ru sacrifice]
  1196 | D:2      | Reached * piety under Ru
  1196 | D:2      | Reached ** piety under Ru
  1786 | D:3      | Reached XP level 4. HP: 38/38 MP: 7/7
  1789 | D:3      | Found a shimmering altar of Xom.
  1791 | D:3      | Found a shimmering altar of Xom.
  1792 | D:3      | Found a shimmering altar of Xom.
  1796 | D:3      | Found a shimmering altar of Xom.
  2020 | D:3      | Reached skill level 1 in Short Blades
  2173 | D:3      | Found Bimasupt's Armour Boutique.
  2419 | D:3      | Reached XP level 5. HP: 27/44 MP: 8/8
  2491 | D:3      | Learned a level 2 spell: Searing Ray
  3038 | D:4      | Noticed Menkaure
  3104 | D:4      | Found a glowing golden altar of the Shining One.
  3469 | D:4      | Reached skill level 1 in Conjurations
  3652 | D:4      | Found an iron altar of Okawaru.
  3671 | D:4      | Reached XP level 6. HP: 45/52 MP: 6/10
  3742 | D:3      | Bought a +0 helmet of intelligence for 161 gold pieces
  3870 | D:4      | Found a shimmering blue altar of Sif Muna.
  4189 | D:5      | Entered Level 5 of the Dungeon
  4273 | D:5      | Noticed Pikel
  4288 | D:6      | Gained mutation: You are somewhat inexperienced. (-1 XL)
                  | [Ru sacrifice]
  4288 | D:6      | Reached XP level 5. HP: 45/45 MP: 9/9
  4288 | D:6      | Reached *** piety under Ru
  4296 | D:6      | Noticed a human
  4297 | D:6      | Noticed a human
  4527 | D:6      | Noticed an orc warrior
  4563 | D:6      | Learned a level 4 spell: Dispel Undead
  4619 | D:6      | Killed an orc warrior
  4646 | D:6      | Noticed a human
  4681 | D:6      | Found a glowing drain.
  4681 | D:6      | Noticed a sky beast
  4694 | D:6      | Reached XP level 6. HP: 55/55 MP: 10/10
  4697 | D:6      | Reached skill level 5 in Stealth
  4715 | D:6      | Reached skill level 5 in Necromancy
  4730 | D:6      | Noticed a human
  4749 | Sewer    | Entered a sewer
  5167 | Sewer    | Reached XP level 7. HP: 53/62 MP: 6/12
  5546 | D:4      | Killed Menkaure
  5919 | D:5      | Killed Pikel
  6048 | D:5      | Found a staircase to the Ecumenical Temple.
  6069 | D:5      | Reached XP level 8. HP: 48/72 MP: 4/15
  6074 | Temple   | Entered the Ecumenical Temple
  6355 | D:5      | Found an ornate altar of the Wu Jian Council.
  6359 | D:5      | Gained mutation: You cannot study or use magical devices.
                  | [Ru sacrifice]
  6359 | D:5      | Reached **** piety under Ru
  6359 | D:5      | Reached ***** piety under Ru
  6735 | D:6      | Reached skill level 5 in Spellcasting
  7601 | D:7      | Reached XP level 9. HP: 75/79 MP: 4/18
  7639 | D:7      | Reached skill level 5 in Conjurations
  8656 | D:8      | Noticed Maggie
  8861 | D:8      | Noticed Joseph
  8916 | D:7      | Killed Joseph
  9029 | D:8      | Found a stormy altar of Qazlal.
  9083 | D:8      | Found a sparkling altar of Nemelex Xobeh.
  9178 | D:8      | Reached skill level 1 in Long Blades
  9321 | D:8      | Reached skill level 1 in Alchemy
  9445 | D:8      | Killed Maggie
  9566 | D:8      | Reached skill level 5 in Fighting
  9611 | D:8      | Found a glowing silver altar of Zin.
  9894 | D:8      | Noticed Erica
  9909 | D:8      | Killed Erica
 10088 | D:8      | Found a burning altar of Makhleb.
 10117 | D:8      | Learned a level 5 spell: Irradiate
 10120 | D:8      | Found a staircase to the Lair.
 10153 | D:8      | Reached XP level 10. HP: 50/88 MP: 8/21
 10869 | D:9      | Found a broken altar of Ashenzari.
 10904 | D:8      | Learned a level 3 spell: Fugue of the Fallen
 10908 | D:8      | Learned a level 3 spell: Ozocubu's Armour
 10953 | D:9      | Noticed Gastronok
 11447 | D:9      | Found a staircase to the Orcish Mines.
 12099 | D:10     | Entered Level 10 of the Dungeon
 12407 | D:10     | Reached skill level 10 in Necromancy
 12418 | D:10     | Found Faum Xea's Book Shop.
 12470 | D:10     | Noticed a two-headed ogre
 13031 | D:10     | Found a sacrificial altar of Ru.
 13553 | Orc:1    | Entered Level 1 of the Orcish Mines
 13758 | Orc:1    | Reached skill level 1 in Ice Magic
 13959 | Orc:1    | Noticed an orc sorcerer
 13977 | Orc:1    | Killed an orc sorcerer
 14145 | D:10     | Bought a book of the Senses for 480 gold pieces
 14149 | D:10     | Learned a level 3 spell: Mephitic Cloud
 14166 | D:10     | Killed a two-headed ogre
 14588 | Lair:1   | Entered Level 1 of the Lair of Beasts
 14932 | Lair:1   | Reached skill level 1 in Air Magic
 15225 | Lair:1   | Reached XP level 11. HP: 97/99 MP: 16/23
 15272 | Lair:1   | Learned a level 1 spell: Apportation
 17484 | Lair:2   | Reached skill level 5 in Dodging
 17889 | Lair:3   | Noticed an eight-headed hydra
 17905 | Lair:3   | Found a staircase to the Shoals.
 17918 | Lair:3   | Killed a six-headed hydra
 18512 | Lair:3   | Reached skill level 5 in Short Blades
 18699 | Lair:3   | Found a hole to the Spider Nest.
 18955 | Lair:3   | Reached skill level 5 in Long Blades
 19085 | Lair:3   | Found a runed translucent door.
 19634 | Lair:3   | Reached skill level 10 in Spellcasting
 19635 | Lair:3   | Reached XP level 12. HP: 109/109 MP: 22/26
 19640 | Lair:3   | Found a runed translucent gate.
 19641 | Lair:3   | Identified the +9 whip of Elo Qeob {freeze, *Rage rElec rF-
                  | rC+++}
 19642 | Lair:3   | Found a runed translucent gate.
 19642 | Lair:3   | Found a runed translucent gate.
 19642 | Lair:3   | Found a runed translucent gate.
 19642 | Lair:3   | Found a runed translucent gate.
 19643 | Lair:3   | Found a runed translucent gate.
 22043 | Lair:5   | Entered Level 5 of the Lair of Beasts
 22171 | Lair:4   | Reached skill level 1 in Translocations
 23045 | Lair:5   | Slain by a five-headed hydra

Illustrated notes

Levels and vault maps discovered:
D:1:      lightli_arrival_statue_moat, layout_basic, roderic_lattice_a,
          minmay_box_of_dots
D:2:      layout_loops_ring, shapermc_ecumenical_altar_mp_ritualfount,
          chequers_avenue
D:3:      layout_basic, xom_redecorated, serial_undead, serial_undead_a,
          serial_undead_d, serial_undead_d, serial_undead_d, serial_shops, shop,
          minmay_surrounded
D:4:      minmay_chambers_of_threes, layout_loops_ring,
          nicolae_overflow_crystal_walls, nicolae_sif_muna_little_library,
          lemuel_round_altar, uniq_menkaure
D:5:      layout_basic, lemuel_round_altar, minmay_temple_entry_statues_pillars,
          feat_on_display, uniq_pikel
D:6:      layout_rooms, portal_sewer_entry_a, minmay_ruffians
D:7:      layout_basic, mainiacjoe_overflow_tiny_flanked, serial_curves,
          eino_curves_04, eino_curves_04, kennysheep_generic_room_7
D:8:      layout_loops_ring, lemuel_doored_altar, grunt_qazlal_clouds,
          zin_statuary, nicolae_overflow_two_pavilions, david_lair_shrubbed,
          st_stairs_6, uniq_erica, uniq_joseph, uniq_maggie
D:9:      layout_basic, evilmike_ruin_ashenzari, david_orc_4, uniq_gastronok
D:10:     layout_loops_corners, nicolae_ru_the_path_less_chosen, serial_shops,
          shop
Temple:   nicolae_temple_ecumenical_triangle
Lair:1:   layout_gridlike
Lair:2:   layout_regular_city, nicolae_lair_lindhole
Lair:3:   gammafunk_indiana_jones, layout_long_grid, elwin_shoals_entry_rocks,
          nicolae_spider_entry_non_spiders
Lair:4:   layout_cave_pods
Lair:5:   grunt_lair_end_beastmaster, layout_loops_ring, slime_entry_1,
          st_stairs_4, infiniplex_staircase_pool, lemuel_fruit_fields
Orc:1:    layout_caves

Skill      XL: |  1  2  3  4  5  6  7  8  9 10 11 12 |
---------------+-------------------------------------+-----
Fighting       | 1 3 4 5 6 7 8 |  8.9
Short Blades   | 1 2 3 4 5 |  5.1
Stealth        | 4 5 6 7 8 |  8.4
Dodging        | 2 3 4 5 |  5.7
Conjurations   | 1 2 3 4 5 |  5.5
Spellcasting   | 3 4 6 7 8 10 11 | 11.1
Necromancy     | 5 6 7 9 10 11 | 11.6
Long Blades    | 2 3 5 |  5.6
Alchemy        | 2 4 |  4.8
Ice Magic      | 2 3 4 |  4.1
Air Magic      | 1 3 |  3.5
Translocations | 1 |  1.0
Staves         | |  0.9
Throwing       | |  0.6
Armour         | |  0.3

Action                     |  1- 3 |  4- 6 |  7- 9 | 10-12 || total
---------------------------+-------+-------+-------+-------++-------
  Melee: Dagger            |    79 |   372 |   249 |   134 ||   834
         Punch             |     1 |     3 |     7 |    22 ||    33
         Staff             |       |       |    41 |       ||    41
         Scimitar          |       |       |     2 |    16 ||    18
         Falchion          |       |       |   155 |   979 ||  1134
  Throw: Javelin           |       |       |     8 |    25 ||    33
   Cast: Vampiric Draining |       |    17 |    71 |   167 ||   255
         Searing Ray       |       |     4 |     9 |    18 ||    31
         Dispel Undead     |       |       |     4 |     6 ||    10
         Ozocubu's Armour  |       |       |       |    70 ||    70
         Mephitic Cloud    |       |       |       |    23 ||    23
         Irradiate         |       |       |       |     3 ||     3
         Fugue of the Fall |       |       |       |     7 ||     7
         Apportation       |       |       |       |     8 ||     8
 Invoke: Sacrifice Love    |     1 |       |       |       ||     1
         Sacrifice Experie |       |     1 |       |       ||     1
         Draw Out Power    |       |     1 |     1 |     1 ||     3
         Sacrifice Artific |       |       |     1 |       ||     1
Ability: Spit Poison       |    14 |    51 |    58 |    82 ||   205
    Use: Scroll            |       |     6 |     7 |     6 ||    19
         Potion            |       |       |     4 |     5 ||     9
   Stab: Sleeping          |     7 |    20 |     6 |     8 ||    41
         Invisible         |       |       |     2 |     6 ||     8
         Paralysed         |       |       |     1 |     3 ||     4
         Distracted        |       |       |     1 |     3 ||     4
         Confused          |       |       |       |    30 ||    30
 Armour: Robe              |    60 |   244 |   346 |  1345 ||  1995
         Skin              |       |       |     1 |       ||     1
  Dodge: Dodged            |    41 |   217 |   227 |   878 ||  1363
